EL
ARKANSAS TRAVELERS @ CHATTANOOGA LOOKOUTS
07/05/2049
 
TOP OF THE 1ST
Arkansas Travelers batting - Pitching for Chattanooga Lookouts : LHP Juan Garcia
Pitching: LHP Juan Garcia
Batting: RHB Nick Lombardo 0-0: Called Strike
0-1: Ball
1-1: Ball
2-1: Called Strike
2-2: Ball
3-2: Strikes out swinging
Batting: RHB Danny Bjarnson 0-0: Foul Ball, location: 2F
0-1: Called Strike
0-2: Ball
1-2: Ball
2-2: Ball
3-2: Strikes out swinging
Batting: RHB Juan Montez 0-0: Ball
1-0: Swinging Strike
1-1: Ball
2-1: Ball
3-1: Base on Balls
Batting: RHB Kyler Seitz 0-0: Ball
1-0: Ground out 5-3 (Groundball, 56, EV 101.9 MPH)
Top of the 1st over - 0 runs, 0 hits, 0 errors, 1 left on base; Arkansas 0 - Chattanooga 0
BOTTOM OF THE 1ST
Chattanooga Lookouts batting - Pitching for Arkansas Travelers : RHP Jake Bruen
Pitching: RHP Jake Bruen
Batting: LHB Marshall Daul 0-0: Fly out, F9 (Line Drive, 9, EV 105.0 MPH)
Batting: SHB Matt Urbani 0-0: Swinging Strike
0-1: Swinging Strike
0-2: Strikes out swinging
Batting: LHB Shaun Price 0-0: Called Strike
0-1: Ball
1-1: Ball
2-1: Called Strike
2-2: Ball
3-2: Strikes out swinging
Bottom of the 1st over - 0 runs, 0 hits, 0 errors, 0 left on base; Arkansas 0 - Chattanooga 0
TOP OF THE 2ND
Arkansas Travelers batting - Pitching for Chattanooga Lookouts : LHP Juan Garcia
Batting: RHB T.J. Gray 0-0: Ball
1-0: Called Strike
1-1: Ball
2-1: Swinging Strike
2-2: Fly out, F8 (Flyball, 8RM, EV 91.2 MPH)
Batting: RHB Ricky Mejicanos 0-0: Called Strike
0-1: Called Strike
0-2: Ground out 5-3 (Groundball, 5, EV 84.4 MPH)
Batting: LHB Mutsuo IIda 0-0: Ball
1-0: Called Strike
1-1: Ball
2-1: Ball
3-1: Foul Ball, location: 2F
3-2: Foul Ball, location: 2F
3-2: SINGLE (Groundball, 6, EV 106.9 MPH)
Batting: RHB Phil Knox 0-0: Ball
1-0: Foul Ball, location: 2F
1-1: Called Strike
1-2: Foul Ball, location: 2F
1-2: Ball
Mutsuo IIda steals 2nd base
2-2: Ball
3-2: Ground out 6-3 (Groundball, 6, EV 97.5 MPH)
Top of the 2nd over - 0 runs, 1 hit, 0 errors, 1 left on base; Arkansas 0 - Chattanooga 0
BOTTOM OF THE 2ND
Chattanooga Lookouts batting - Pitching for Arkansas Travelers : RHP Jake Bruen
Batting: LHB Kuemon Shishido 0-0: Swinging Strike
0-1: SINGLE (Line Drive, 4D, EV 99.4 MPH)
Batting: RHB Manuel Juarez 0-0: Ball
1-0: Foul Ball, location: 2F
1-1: Foul Ball, location: 2F
1-2: Strikes out swinging
Batting: LHB David Campbell 0-0: Fielders Choice at 2nd, 5-4 (Groundball, 56S, EV 85.0 MPH)
Batting: RHB Juan Espinoza 0-0: Called Strike
0-1: Swinging Strike
0-2: Ball
1-2: Strikes out looking
Bottom of the 2nd over - 0 runs, 1 hit, 0 errors, 1 left on base; Arkansas 0 - Chattanooga 0
TOP OF THE 3RD
Arkansas Travelers batting - Pitching for Chattanooga Lookouts : LHP Juan Garcia
Batting: RHB Davey Verhoog 0-0: Called Strike
0-1: SINGLE (Groundball, 34D, EV 103.8 MPH)
Batting: RHB Nick Lombardo 0-0: Called Strike
0-1: Foul Ball, location: 2F
0-2: Foul Ball, location: 2F
0-2: Fielders Choice at 2nd, 6-4 (Groundball, 6, EV 86.2 MPH)
Batting: RHB Danny Bjarnson 0-0: Ball
1-0: SINGLE (Line Drive, 89S, EV 111.2 MPH)
Nick Lombardo to second
Batting: RHB Juan Montez 0-0: Called Strike
0-1: Fly out, F2 (Popup, 3SF, EV 90.0 MPH)
Batting: RHB Kyler Seitz 0-0: Called Strike
0-1: Ball
1-1: Ball
2-1: Swinging Strike
2-2: Strikes out looking
Top of the 3rd over - 0 runs, 2 hits, 0 errors, 2 left on base; Arkansas 0 - Chattanooga 0
BOTTOM OF THE 3RD
Chattanooga Lookouts batting - Pitching for Arkansas Travelers : RHP Jake Bruen
Batting: LHB Brian Wagner 0-0: Foul Ball, location: 2F
0-1: Ball
1-1: Swinging Strike
1-2: Strikes out swinging
Batting: RHB David Nardone 0-0: Called Strike
0-1: Foul Ball, location: 2F
0-2: Ground out 4-3 (Groundball, 4, EV 79.4 MPH)
Batting: LHB Marshall Daul 0-0: Ball
1-0: SINGLE (Groundball, 4MD, EV 103.8 MPH)
Batting: SHB Matt Urbani 0-0: Called Strike
0-1: Ball
1-1: Ball
2-1: Ball
3-1: Base on Balls
Marshall Daul to second
Batting: LHB Shaun Price 0-0: Ball
1-0: Ball
2-0: Ball
3-0: Base on Balls
Marshall Daul to third
Matt Urbani to second
Batting: LHB Kuemon Shishido 0-0: Called Strike
0-1: Called Strike
0-2: Foul Ball, location: 2F
0-2: Strikes out looking
Bottom of the 3rd over - 0 runs, 1 hit, 0 errors, 3 left on base; Arkansas 0 - Chattanooga 0
TOP OF THE 4TH
Arkansas Travelers batting - Pitching for Chattanooga Lookouts : LHP Juan Garcia
Batting: RHB T.J. Gray 0-0: Foul Ball, location: 2F
0-1: Foul Ball, location: 2F
0-2: SINGLE (Groundball, 6D, EV 102.5 MPH)
Batting: RHB Ricky Mejicanos 0-0: Ball
1-0: Ball
2-0: Swinging Strike
2-1: Foul Ball, location: 2F
2-2: Foul Ball, location: 2F
2-2: Ball
3-2: DOUBLE (Flyball, 89D, EV 113.8 MPH)
T.J. Gray to third
T.J. Gray scores
Batting: LHB Mutsuo IIda 0-0: Called Strike
0-1: Swinging Strike
0-2: Foul Ball, location: 2F
0-2: Strikes out swinging
Batting: RHB Phil Knox 0-0: Called Strike
0-1: Foul Ball, location: 2F
0-2: Ground out 4-3 (Groundball, 4S, EV 71.9 MPH)
Ricky Mejicanos to third
Batting: RHB Davey Verhoog 0-0: Ball
1-0: SINGLE (Line Drive, 78S, EV 101.9 MPH)
Ricky Mejicanos scores
Batting: RHB Nick Lombardo 0-0: Ball
1-0: Ball
2-0: Ball
3-0: Called Strike
3-1: Swinging Strike
3-2: SINGLE (Line Drive, 56, EV 96.9 MPH)
Davey Verhoog to second
Davey Verhoog to third
Batting: RHB Danny Bjarnson 0-0: Foul Ball, location: 2F
0-1: SINGLE (Line Drive, 8RS, EV 95.0 MPH)
Davey Verhoog scores
Nick Lombardo to second
Runner from 2nd tries for 3rd, OUT after rundown.
Top of the 4th over - 3 runs, 5 hits, 0 errors, 1 left on base; Arkansas 3 - Chattanooga 0
BOTTOM OF THE 4TH
Chattanooga Lookouts batting - Pitching for Arkansas Travelers : RHP Jake Bruen
Batting: RHB Manuel Juarez 0-0: Ball
1-0: Swinging Strike
1-1: Swinging Strike
1-2: Foul Ball, location: 2F
1-2: Strikes out looking
Batting: LHB David Campbell 0-0: Foul Ball, location: 2F
0-1: Called Strike
0-2: Foul Ball, location: 2F
0-2: Ball
1-2: Ball
2-2: Ground out 6-3 (Groundball, 6, EV 91.9 MPH)
Batting: RHB Juan Espinoza 0-0: Fly out, F8 (Flyball, 8RD, EV 99.4 MPH)
Bottom of the 4th over - 0 runs, 0 hits, 0 errors, 0 left on base; Arkansas 3 - Chattanooga 0
TOP OF THE 5TH
Arkansas Travelers batting - Pitching for Chattanooga Lookouts : LHP Juan Garcia
Batting: RHB Juan Montez 0-0: Called Strike
0-1: Swinging Strike
0-2: Foul Ball, location: 2F
0-2: Ball
1-2: Ball
2-2: Foul Ball, location: 2F
2-2: Foul Ball, location: 2F
2-2: SINGLE (Groundball, 34, EV 108.1 MPH)
Batting: RHB Kyler Seitz 0-0: Ball
1-0: Foul Ball, location: 2F
1-1: Foul Ball, location: 2F
1-2: Strikes out swinging
Batting: RHB T.J. Gray 0-0: Ball
1-0: Called Strike
1-1: Ball
2-1: Ball
3-1: SINGLE (Groundball, 34D, EV 108.8 MPH)
Juan Montez to second
Runner from 2nd tries for 3rd, OUT! 9-5
Batting: RHB Ricky Mejicanos 0-0: Swinging Strike
0-1: Foul Ball, location: 2F
0-2: Strikes out swinging
Top of the 5th over - 0 runs, 2 hits, 0 errors, 1 left on base; Arkansas 3 - Chattanooga 0
BOTTOM OF THE 5TH
Chattanooga Lookouts batting - Pitching for Arkansas Travelers : RHP Jake Bruen
Batting: LHB Brian Wagner 0-0: Ground out 4-3 (Groundball, 4, EV 80.6 MPH)
Batting: RHB David Nardone 0-0: Ball
1-0: Called Strike
1-1: Foul Ball, location: 5F, Error on foul ball, E5
1-2: Ground out U3 (Groundball, 34S, EV 85.6 MPH)
Batting: LHB Marshall Daul 0-0: Foul Ball, location: 2F
0-1: Swinging Strike
0-2: Foul Ball, location: 2F
0-2: SINGLE (Groundball, 6S, EV 64.4 MPH) (infield hit)
Batting: SHB Matt Urbani 0-0: Called Strike
Marshall Daul steals 2nd, throwing error, E2
Marshall Daul to third
0-1: Called Strike
0-2: Ball
1-2: Ball
2-2: Ball
3-2: Strikes out looking
Bottom of the 5th over - 0 runs, 1 hit, 2 errors, 1 left on base; Arkansas 3 - Chattanooga 0
TOP OF THE 6TH
Arkansas Travelers batting - Pitching for Chattanooga Lookouts : LHP Juan Garcia
Batting: LHB Mutsuo IIda 0-0: Called Strike
0-1: Foul Ball, location: 2F
0-2: Ball
1-2: Strikes out swinging
Batting: RHB Phil Knox 0-0: Swinging Strike
0-1: Swinging Strike
0-2: Foul Ball, location: 2F
0-2: Ball
1-2: Ball
2-2: SINGLE (Flyball, 4D, EV 86.2 MPH)
Batting: RHB Davey Verhoog 0-0: Ball
1-0: Fly out, F8 (Flyball, 8RM, EV 89.4 MPH)
Batting: RHB Nick Lombardo 0-0: Ball
1-0: Foul Ball, location: 2F
1-1: SINGLE (Groundball, 56, EV 99.4 MPH)
Phil Knox to second
Batting: RHB Danny Bjarnson 0-0: Ball
1-0: Foul Ball, location: 2F
1-1: Ball
Passed Ball!
Phil Knox to third
Nick Lombardo to second
2-1: Ball
3-1: Foul Ball, location: 2F
3-2: Base on Balls
Batting: RHB Juan Montez 0-0: Ball
1-0: Ball
2-0: Fielders Choice at 2nd, 6-4 (Groundball, 6, EV 83.8 MPH)
Top of the 6th over - 0 runs, 2 hits, 0 errors, 3 left on base; Arkansas 3 - Chattanooga 0
BOTTOM OF THE 6TH
Chattanooga Lookouts batting - Pitching for Arkansas Travelers : RHP Jake Bruen
Batting: LHB Shaun Price 0-0: Called Strike
0-1: Fly out, F5 (Popup, 5S, EV 73.1 MPH)
Batting: LHB Kuemon Shishido 0-0: SOLO HOME RUN (Flyball, 89XD, EV 99.4 MPH), Distance : 427 ft
Batting: RHB Manuel Juarez 0-0: Ball
1-0: Called Strike
1-1: Ball
2-1: Swinging Strike
2-2: Strikes out swinging
Batting: LHB David Campbell 0-0: Ball
1-0: Ball
2-0: Ball
3-0: Called Strike
3-1: Called Strike
3-2: DOUBLE (Line Drive, 5D, EV 110.6 MPH)
Batting: RHB Juan Espinoza 0-0: Ball
1-0: Ball
Wild Pitch!
David Campbell to third
2-0: Ball
3-0: Called Strike
3-1: Base on Balls
Batting: LHB Brian Wagner 0-0: Called Strike
0-1: Ball
1-1: Ball
2-1: Ball
3-1: Foul Ball, location: 2F
3-2: Strikes out swinging
Bottom of the 6th over - 1 run, 2 hits, 0 errors, 2 left on base; Arkansas 3 - Chattanooga 1
TOP OF THE 7TH
Arkansas Travelers batting - Pitching for Chattanooga Lookouts : LHP Juan Garcia
Batting: RHB Kyler Seitz 0-0: Foul Ball, location: 2F
0-1: Hit by Pitch
Pitching: RHP Regan Kalinski
Batting: RHB T.J. Gray 0-0: Swinging Strike
0-1: Ball
1-1: Ball
2-1: SINGLE (Groundball, 6S, EV 71.9 MPH) (infield hit)
Kyler Seitz to second
Batting: RHB Ricky Mejicanos 0-0: Called Strike
0-1: Ball
1-1: Ball
2-1: SINGLE (Groundball, 56D, EV 100.6 MPH)
Kyler Seitz to third
T.J. Gray to second
Batting: LHB Mutsuo IIda 0-0: Ball
1-0: Foul Ball, location: 2F
1-1: Ball
2-1: Foul Ball, location: 2F
2-2: Foul Ball, location: 2F
2-2: Strikes out swinging
Batting: RHB Phil Knox 0-0: Ball
1-0: Called Strike
1-1: SINGLE (Groundball, 56D, EV 98.1 MPH)
Kyler Seitz scores
T.J. Gray to third
Ricky Mejicanos to second
Batting: LHB Dave Hicks 0-0: Foul Ball, location: 2F
0-1: Ball
1-1: DOUBLE (Line Drive, 7LM, EV 101.2 MPH)
T.J. Gray scores
Ricky Mejicanos scores
Phil Knox to third
Batting: RHB Nick Lombardo 0-0: Ground out 5-3 (Groundball, 56S, EV 90.0 MPH)
Phil Knox scores
Batting: RHB Danny Bjarnson 0-0: Called Strike
0-1: Swinging Strike
0-2: Ground out 6-3 (Groundball, 56, EV 86.2 MPH)
Top of the 7th over - 4 runs, 4 hits, 0 errors, 1 left on base; Arkansas 7 - Chattanooga 1
BOTTOM OF THE 7TH
Chattanooga Lookouts batting - Pitching for Arkansas Travelers : RHP Jake Bruen
Pitching: RHP Kennie Williams
Batting: RHB David Nardone 0-0: Ball
1-0: Ball
2-0: Called Strike
2-1: Called Strike
2-2: Ball
3-2: Strikes out swinging
Batting: LHB Marshall Daul 0-0: Foul Ball, location: 2F
0-1: Called Strike
0-2: Ball
1-2: SINGLE (Line Drive, 8RS, EV 108.1 MPH)
Batting: SHB Matt Urbani 0-0: Called Strike
0-1: Called Strike
Marshall Daul is caught stealing 2nd base 2-6
0-2: Foul Ball, location: 2F
0-2: Strikes out swinging
Bottom of the 7th over - 0 runs, 1 hit, 0 errors, 0 left on base; Arkansas 7 - Chattanooga 1
TOP OF THE 8TH
Arkansas Travelers batting - Pitching for Chattanooga Lookouts : RHP Regan Kalinski
Batting: RHB Juan Montez 0-0: Foul Ball, location: 2F
0-1: Foul Ball, location: 2F
0-2: Ball
1-2: Ball
2-2: Ball
3-2: Base on Balls
Pitching: RHP Justin Gorden
Batting: RHB Kyler Seitz 0-0: Ball
1-0: Ball
2-0: Fielders Choice at 2nd, 2-6 (Groundball, 2R, EV 60.6 MPH)
Batting: RHB T.J. Gray 0-0: Swinging Strike
0-1: Swinging Strike
0-2: Ball
1-2: Foul Ball, location: 2F
1-2: Strikes out swinging
Batting: RHB Ricky Mejicanos 0-0: Ball
1-0: Called Strike
1-1: SINGLE (Groundball, 56D, EV 96.9 MPH)
Kyler Seitz to second
Batting: LHB Mutsuo IIda 0-0: Ball
1-0: Called Strike
1-1: Ball
2-1: Ball
3-1: Base on Balls
Kyler Seitz to third
Ricky Mejicanos to second
Batting: RHB Phil Knox 0-0: SINGLE (Groundball, 56D, EV 102.5 MPH)
Kyler Seitz scores
Ricky Mejicanos to third
Mutsuo IIda to second
Runner from 3rd tries for Home, SAFE, throw by LF to home
Batting: LHB Dave Hicks 0-0: Foul Ball, location: 2F
0-1: Called Strike
0-2: Foul Ball, location: 2F
0-2: Strikes out swinging
Top of the 8th over - 2 runs, 2 hits, 0 errors, 2 left on base; Arkansas 9 - Chattanooga 1
BOTTOM OF THE 8TH
Chattanooga Lookouts batting - Pitching for Arkansas Travelers : RHP Kennie Williams
Batting: LHB Shaun Price 0-0: Called Strike
0-1: Called Strike
0-2: Ball
1-2: Ground out 4-3 (Groundball, 34D, EV 86.2 MPH)
Batting: LHB Kuemon Shishido 0-0: Ground out 1-3 (Groundball, 13S, EV 69.4 MPH)
Batting: RHB Manuel Juarez 0-0: Foul Ball, location: 2F
0-1: Ball
1-1: Ball
2-1: Foul Ball, location: 2F
2-2: Foul Ball, location: 2F
2-2: Ball
3-2: Strikes out swinging
Bottom of the 8th over - 0 runs, 0 hits, 0 errors, 0 left on base; Arkansas 9 - Chattanooga 1
TOP OF THE 9TH
Arkansas Travelers batting - Pitching for Chattanooga Lookouts : RHP Justin Gorden
Batting: RHB Nick Lombardo 0-0: Ball
1-0: Ball
2-0: Ball
3-0: Called Strike
3-1: Foul Ball, location: 2F
3-2: Strikes out swinging
Batting: RHB Danny Bjarnson 0-0: Ground out U3 (Groundball, 13, EV 84.4 MPH)
Batting: RHB Juan Montez 0-0: Ball
1-0: Ball
2-0: Swinging Strike
2-1: Foul Ball, location: 2F
2-2: Ball
3-2: Base on Balls
Batting: RHB Kyler Seitz 0-0: Called Strike
0-1: Swinging Strike
0-2: Foul Ball, location: 2F
0-2: Ball
1-2: Strikes out swinging
Top of the 9th over - 0 runs, 0 hits, 0 errors, 1 left on base; Arkansas 9 - Chattanooga 1
BOTTOM OF THE 9TH
Chattanooga Lookouts batting - Pitching for Arkansas Travelers : RHP Kennie Williams
Batting: LHB David Campbell 0-0: Called Strike
0-1: Swinging Strike
0-2: Ball
1-2: Foul Ball, location: 2F
1-2: Ball
2-2: Ground out 3-1 (Groundball, 34, EV 86.9 MPH)
Batting: RHB Juan Espinoza 0-0: Ball
1-0: Ball
2-0: Called Strike
2-1: Foul Ball, location: 2F
2-2: Ball
3-2: Base on Balls
Pitching: RHP Jason Smallwood
Batting: LHB Brian Wagner 0-0: Called Strike
0-1: Ball
1-1: Ball
2-1: Foul Ball, location: 2F
2-2: Ball
3-2: Strikes out swinging
Batting: RHB David Nardone 0-0: Ball
1-0: Called Strike
1-1: Ball
2-1: Ground out 3-1 (Groundball, 34, EV 76.2 MPH)
Bottom of the 9th over - 0 runs, 0 hits, 0 errors, 1 left on base; Arkansas 9 - Chattanooga 1
Sunday, July 16th , 2023 - OOTP Baseball 24.6 Build 69